 Dungeon Crawl Stone Soup version 0.23.0-3-gf3c87f2 (webtiles) character file.

Game seed: 1365242711929182461

53 Mgcat the Skirmisher (level 4, 0/37 HPs)
             Began as a Formicid Abyssal Knight on Feb 24, 2019.
             Was a Follower of Lugonu.
             Slain by a gnoll
             ... wielding a +0 halberd
              (5 damage)
             ... on level 2 of the Dungeon.
             The game lasted 00:02:42 (1214 turns).

Mgcat the Skirmisher (Formicid Abyssal Knight)      Turns: 1214, Time: 00:02:42

Health: 0/37       AC:  5    Str: 18    XL:     4   Next: 10%
Magic:  6/6        EV: 11    Int: 11    God:    Lugonu [*.....]
Gold:   44         SH:  0    Dex: 10    Spells: 3/3 levels left

rFire    . . .     SeeInvis +   a - +1 hand axe
rCold    . . .     Gourm    .   (no shield)
rNeg     . . .     Faith    .   h - +0 ring mail
rPois    .         Spirit   .   (helmet unavailable)
rElec    .         Reflect  .   (no cloak)
rCorr    +         Harm     .   (no gloves)
MR       .....                  (no boots)
Stlth    ..........             (no amulet)
HPRegen  0.12/turn              j - ring of resist corrosion
MPRegen  0.10/turn              (no ring)

@: no status effects
A: permanent stasis, dig shafts and tunnels, four strong arms, antennae 3
a: Dig, Shaft Self, Depart the Abyss, Renounce Religion


You were on level 2 of the Dungeon.
You worshipped Lugonu.
Lugonu was aware of your devotion.
You were not hungry.

You visited 1 branch of the dungeon, and saw 2 of its levels.
You visited the Abyss 1 time.

You collected 44 gold pieces.

Inventory:

Hand Weapons
 a - a +1 hand axe (weapon)
Armour
 h - a +0 ring mail (worn)
   (You found it on level 1 of the Dungeon)
Jewellery
 j - a ring of resist corrosion (left hand)
   (You found it on level 1 of the Dungeon)
Scrolls
 b - a scroll of identify
 d - a scroll of enchant armour {unknown}
 g - a scroll of teleportation {unknown}
Potions
 e - a potion of magic {unknown}
 f - a potion of degeneration {!q}
Comestibles
 c - 5 rations
 k - 2 chunks of flesh {@w0}


   Skills:
 + Level 3.7 Fighting
 + Level 2.5 Axes
 + Level 2.7 Armour
 + Level 1.5 Dodging
 + Level 2.9 Invocations


You had 3 spell levels left.
You didn't know any spells.
Your spell library was empty.

Dungeon Overview and Level Annotations

Branches:
Dungeon (2/15)

Altars:
Wu Jian
Yredelemnul


Innate Abilities, Weirdness & Mutations

You cannot be hasted, slowed, berserked, paralysed or teleported.
You can dig through walls and to a lower floor.
Your four strong arms can wield two-handed weapons with a shield.
You have a pair of large antennae on your head. (SInv)


Message History

You are too injured to fight recklessly!
You are too injured to fight recklessly!
Your ring mail prevents you from hitting the adder.
The adder is almost dead.
The adder barely misses you. The adder bites you but does no damage.
Spoiler Alert: The adder is fast and can poison!
You barely miss the adder.
The adder is almost dead.
The adder barely misses you.
You hit the adder.
You kill the adder!
Lugonu accepts your kill.
You have reached level 4!
You feel stronger.
You regained 6 hp, and now have 27/37 hp.
MP restored: 6 Search for what [? for help]? armor Key pressed, stopping explore.
A giant cockroach comes into view.
You regained 4 hp, and now have 31/37 hp.
A giant cockroach is nearby!
A giant cockroach is nearby!
A kobold comes into view.
The kobold shouts!
The giant cockroach closely misses you.
The giant cockroach bites you but does no damage.
You hit the giant cockroach.
The giant cockroach is almost dead.
The giant cockroach bites you but does no damage.
You slash the giant cockroach!
You kill the giant cockroach!
Lugonu accepts your kill.
You slash the kobold!
You kill the kobold!
Lugonu accepts your kill.
No target in view!
No target in view!
No target in view!
A gnoll comes into view.
Spoiler Alert: The gnoll (wandering) can hit for moderate damage in melee, and throws nets!
A gnoll comes into view. It is wielding a +0 halberd.
The gnoll shouts! x2; You hear a shout!
A gnoll comes into view. It is wielding a +0 spear.
Warning x2: The gnoll can hit for moderate damage in melee, and throws nets! x2
You see here a scale mail.
Warning x3: The gnoll can hit for moderate damage in melee, and throws nets! x3
The gnoll barely misses you. The gnoll barely misses you.
The gnoll hits you with a +0 spear.
You take 4 damage, and have 30/37 hp.
You barely miss the gnoll. The gnoll hits you with a +0 spear.
The gnoll barely misses you.
You take 2 damage, and have 28/37 hp.
Warning x3: The gnoll can hit for moderate damage in melee, and throws nets! x3
You barely miss the gnoll. The gnoll hits you but does no damage.
The gnoll hits you from afar with a +0 halberd.
You take 3 damage, and have 25/37 hp.
You are too injured to fight recklessly!
You are too injured to fight recklessly!
You are too injured to fight recklessly!
Warning x3: The gnoll can hit for moderate damage in melee, and throws nets! x3
You hit the gnoll.
The gnoll is moderately wounded.
The gnoll hits you with a +0 spear. The gnoll barely misses you. x2
You take 1 damage, and have 24/37 hp.
You barely miss the gnoll.
The gnoll is moderately wounded.
The gnoll barely misses you. The gnoll hits you with a +0 spear!
A jackal comes into view.
You take 9 damage, and have 15/37 hp.
MASSIVE DAMAGE!!
Warning x3: The gnoll can hit for moderate damage in melee, and throws nets! x3
The jackal barks!
You hit the gnoll.
The gnoll is heavily wounded.
The gnoll barely misses you. The gnoll hits you with a +0 spear.
* * * LOW HITPOINT WARNING * * *
You take 6 damage, and have 9/37 hp.
Warning x3: The gnoll can hit for moderate damage in melee, and throws nets! x3
You hit the gnoll.
The gnoll is severely wounded.
The gnoll closely misses you. The gnoll misses you.
You closely miss the gnoll.
The gnoll is severely wounded.
The gnoll hits you but does no damage. The gnoll closely misses you.
The jackal barely misses you.
Warning x3: The gnoll can hit for moderate damage in melee, and throws nets! x3
As you read the scroll labeled JEQOWU YQUTU, it crumbles to dust.
It is a scroll of identify.
f - a potion of degeneration The gnoll barely misses you.
The jackal bites you but does no damage.
The gnoll hits you from afar with a +0 halberd!
* * * LOW HITPOINT WARNING * * *
You take 8 damage, and have 1/37 hp.
MASSIVE DAMAGE!!
Warning x3: The gnoll can hit for moderate damage in melee, and throws nets! x3
It was a potion of curing.
You feel better. The jackal barely misses you.
The gnoll hits you with a +0 spear.
* * * LOW HITPOINT WARNING * * *
The jackal barely misses you.
The gnoll hits you from afar with a +0 halberd.
You die...

...............................#.
#....>...g#.....#..###.#.####.
#...[..................#......
#....>....#..........# #######
##.......##..........# ...
#......#####g#......# ...
.......## #g#......# ###
###....## #g#......# #...##
#@#...... ....# #h# ##. ♣.. #.#
#.# #.# ... ... #.... .....


You could see 3 gnolls and a jackal.

Vanquished Creatures
  2 adders (D:2)
  A worm (D:2)
  A leopard gecko (D:2)
  3 bats
  4 giant cockroaches
  2 gnoll zombies (D:2)
  5 goblins (D:1)
  3 hobgoblins (D:1)
  2 frilled lizards (D:1)
  6 kobolds
  2 rats (D:1)
31 creatures vanquished.

Notes
Turn   | Place    | Note
-------+----------+-------------------------------------------
     0 | Abyss:1  | Mgcat the Formicid Abyssal Knight began the quest for the
                  | Orb.
     0 | Abyss:1  | Reached XP level 1. HP: 18/18 MP: 2/2
     5 | Abyss:1  | Found a corrupted altar of Lugonu.
    43 | Abyss:1  | Noticed a small abomination
    44 | D:1      | Escaped the Abyss
    91 | D:1      | Reached skill level 1 in Dodging
   138 | D:1      | Reached XP level 2. HP: 22/24 MP: 3/3
   228 | D:1      | Reached * piety under Lugonu
   434 | D:1      | Reached XP level 3. HP: 26/29 MP: 4/4
   969 | D:2      | Found a basalt altar of Yredelemnul.
  1102 | D:2      | Found an ornate altar of the Wu Jian Council.
  1144 | D:2      | Reached XP level 4. HP: 27/37 MP: 6/6
  1210 | D:2      | HP: 9/37 [gnoll/+0 spear (6)]
  1213 | D:2      | HP: 1/37 [gnoll/+0 halberd (8)]
  1214 | D:2      | Slain by a gnoll

Skill      XL: |  1 |
---------------+----+-----
Dodging        | 1 |  1.5
Fighting       | |  3.7
Axes           | |  2.5
Armour         | |  2.7
Invocations    | |  2.9

Action                   |  1- 3 |  4- 6 || total
-------------------------+-------+-------++-------
Melee: Hand axe          |    95 |    10 ||   105
Invok: Depart the Abyss  |     1 |       ||     1
  Use: Scroll            |       |     1 ||     1
       Potion            |       |     1 ||     1
  Eat: Chunk             |     1 |       ||     1
Armor: Leather armour    |     5 |       ||     5
       Ring mail         |    25 |     4 ||    29
Dodge: Dodged            |    53 |    15 ||    68

Levels and vault maps discovered:
D:1:      ncdulo_wetmaze, layout_basic, minivault_27
D:2:      layout_loops_ring, marbit_many_paths, lemuel_zombie_altar_yredelemnul,
          lightli_temple_of_fire, first_ration, chequers_ecumenical_altar_grove,
          minmay_heptomino_l4
Abyss:1

Table legend:
 A = Turns spent in this place as a percentage of turns spent in the entire game.
 B = Non-inter-level travel turns spent in this place as a percentage of non-inter-level travel turns spent in the entire game.
 C = Inter-level travel turns spent in this place as a percentage of turns spent in this place.
 D = Turns resting spent in this place as a percentage of non-inter-level travel turns spent in this place.
 E = Turns spent auto-exploring this place as a percentage of non-inter-level travel turns spent in this place.
 F = Non-inter-level travel turns spent in this place divided by the number of levels of this place that you've seen.
                   A       B       C       D       E      F
               +-------+-------+-------+-------+-------+----------------------
         Total | 100.0 | 100.0 |   1.4 |   0.0 |  79.0 | 399.0
       Dungeon |  96.4 |  96.3 |   1.5 |   0.0 |  78.4 | 576.5
         Abyss |   3.6 |   3.7 |   0.0 |   0.0 |  95.5 |  44.0
               +-------+-------+-------+-------+-------+----------------------

Table legend:
 A = Kills in this place as a percentage of kills in entire the game.
 B = Kills by you in this place as a percentage of kills by you in the entire game.
 C = Kills by friends in this place as a percentage of kills by friends in the entire game.
 D = Other kills in this place as a percentage of other kills in the entire game.
 E = Experience gained in this place as a percentage of experience gained in the entire game.
 F = Experience gained in this place divided by the number of levels of this place that you have seen.
                   A       B       C       D       E      F
               +-------+-------+-------+-------+-------+----------------------
         Total | 100.0 | 100.0 |   N/A |   N/A | 100.0 |  25.3
       Dungeon | 100.0 | 100.0 |   N/A |   N/A | 100.0 |  38.0
               +-------+-------+-------+-------+-------+----------------------
